 Dungeon Crawl Stone Soup version 0.28-a0-8-g6e044cfa68 (webtiles) character file.

Game seed: 6370112224286063928

1463 zero the Destroyer (level 8, 0/46 HPs)
             Began as a Gargoyle Conjurer on July 23, 2021.
             Slain by a spark wasp (18 damage)
             ... on level 6 of the Dungeon.
             The game lasted 00:07:55 (8398 turns).

zero the Destroyer (Gargoyle Conjurer)              Turns: 8398, Time: 00:07:56

Health: 0/46       AC: 12    Str: 11    XL:     8   Next: 77%
Magic:  3/14       EV: 11    Int: 21    God:
Gold:   603        SH:  5    Dex:  8    Spells: 8/15 levels left

rFire   + . .      SeeInvis .   x - staff of conjuration {!a}
rCold   . . .      Faith    .   q - +0 buckler {reflect}
rNeg    + . .      Spirit   .   n - +1 robe {rF+}
rPois   ∞          Reflect  +   (no helmet)
rElec   +          Harm     .   (no cloak)
rCorr   .          Rampage  .   l - +1 pair of gloves
Will    .....                   r - +0 pair of boots
Stlth   ++........              (no amulet)
HPRegen 0.15/turn               (no ring)
MPRegen 0.14/turn               (no ring)

@: no status effects
A: sickness immunity, AC +5, negative energy resistance 1, electricity
resistance, torment resistance 1, petrification resistance
a: no special abilities


You were on level 6 of the Dungeon.
You visited 1 branch of the dungeon, and saw 6 of its levels.

You collected 1120 gold pieces.
You spent 517 gold pieces at shops.

Inventory:

Missiles
 i - 47 sling bullets
 j - a throwing net
Armour
 l - a +1 pair of gloves (worn)
 n - a +1 robe of fire resistance (worn)
 q - a +0 buckler of reflection (worn)
 r - a +0 pair of boots (worn)
Magical Staves
 x - a staff of conjuration (weapon) {!a}
Wands
 a - a wand of flame (28)
 b - a wand of paralysis (7)
 m - a wand of polymorph (10)
 s - a wand of digging (2)
 u - a wand of charming (8)
Scrolls
 d - a scroll of summoning
 f - 2 scrolls of enchant weapon
 k - 3 scrolls of teleportation
 p - 2 scrolls of fear
 w - a scroll of blinking
Potions
 c - a potion of might
 e - 3 potions of attraction
 g - a potion of haste
 h - a potion of invisibility
 o - a potion of lignification {unknown}
 t - 4 potions of flight
 v - 3 potions of cancellation
 z - a potion of mutation {unknown}
 A - a potion of heal wounds {unknown}
 B - 3 potions of curing {unknown}


   Skills:
 + Level 3.1 Fighting
 - Level 4.0 Armour
 - Level 1.5 Dodging
 + Level 2.3 Stealth
 + Level 6.0 Shields
 + Level 4.0 Spellcasting
 + Level 8.0 Conjurations
 + Level 0.4 Translocations


You had 8 spell levels left.
You knew the following spells:

 Your Spells              Type           Power      Damage    Failure   Level
a - Magic Dart            Conj           100%       1d8       1%          1
b - Searing Ray           Conj           100%       3d7       1%          2
c - Iskenderun's Mystic   Conj/Tloc      33%        2d8       22%         4

Your spell library contained the following spells:

 Spells                   Type           Power      Damage    Failure   Level
 Dazzling Flash           Conj/Hex       62%        N/A       7%          3
 Sting                    Tmut/Pois      16%        1d3       12%         1
 Poisonous Vapours        Pois/Air       8%         N/A       19%         2
 Fulminant Prism          Conj/Hex       15%        3d11      22%         4
 Cause Fear               Hex            2%         N/A       75%         4
 Olgreb's Toxic Radiance  Pois           4%         N/A       75%         4
 Dragon Form              Tmut           2%         N/A       100%        7
 Dragon's Call            Summ           2%         N/A       100%        9


Dungeon Overview and Level Annotations

Branches:
Dungeon (6/15)
 Temple: D:4-7

Altars:
Elyvilon
Yredelemnul

Shops:
D:2 ?[   D:4 [

Annotations:
D:6 exclusions: boulder beetle and ogre


Innate Abilities, Weirdness & Mutations

You are immune to sickness and miasma.
Your stone body is resilient. (AC +5)
You are immune to poison.
You resist negative energy. (rN+)
You are resistant to electric shocks. (rElec)
You are resistant to unholy torment.
You are immune to petrification.


Message History

Confirm with . or Enter, or press ? or * to list all spells.
Aiming: Searing Ray (safe; 1% risk of failure)
Press: ? - help, Shift-Dir - straight line, f/p - spark wasp
Aim: a spark wasp (74% to hit)
You feel a surge of power!
The searing ray hits the spark wasp.
The spark wasp is lightly wounded. (Press . to maintain the ray.)
You block the spark wasp's attack.
The searing ray hits the spark wasp!
The spark wasp is moderately wounded.
The spark wasp barely misses you. The spark wasp stings you!!
Ouch! That really hurt!
The spark wasp shocks you. You resist.
The searing ray hits the spark wasp.
The spark wasp is heavily wounded.
The spark wasp closely misses you.
The searing ray hits the spark wasp!
The spark wasp is severely wounded.
You finish channeling your searing ray.
The spark wasp barely misses you. The spark wasp closely misses you.
Casting: Searing Ray (safe; 1% risk of failure)
Confirm with . or Enter, or press ? or * to list all spells.
Aiming: Searing Ray (safe; 1% risk of failure)
Press: ? - help, Shift-Dir - straight line, f/p - spark wasp
Aim: a spark wasp (severely wounded, 74% to hit)
You feel a surge of power!
The searing ray hits the spark wasp!
The spark wasp is severely wounded. (Press . to maintain the ray.)
The spark wasp bursts into living lightning!
The living lightning misses you.
The spark wasp blinks!
Casting: Searing Ray (safe; 1% risk of failure)
Confirm with . or Enter, or press ? or * to list all spells.
Restarting spell: Searing Ray (safe; 1% risk of failure)
Press: ? - help, Shift-Dir - straight line, f/p - spark wasp
Aim: a spark wasp (severely wounded, 74% to hit)
You feel a surge of power!
The searing ray hits the spark wasp!
The spark wasp is almost dead. (Press . to maintain the ray.)
The spark wasp stings you!!
You die...

#.#.##................
#.#.##.###############
#>............,,......
#.#.##.#######**######
#.#.##.# #.#.##.#
#.#.##.# #.#.##.#
###.#..@y# #....#####
#....#### * #.....B.#*
* ###+###..#* *
**,,,....#* *
**,,*#.##..#** *
*,,*,#.,,#...* ****
**,,**OB**,#..# *,,,


You could see a spark wasp.

Vanquished Creatures
  Grinder (D:4)
  Eustachio (D:4)
  An orc warrior (D:6)
  An ice beast (D:6)
  A centaur (D:5)
  An ogre (D:4)
  A phantom (D:5)
  2 scorpions (D:5)
  2 jellies
  2 orc priests (D:6)
  A hound (D:5)
  A centaur skeleton (D:5)
  2 gnoll shamans (D:6)
  Ijyb (D:4)
  An orc wizard (D:6)
  A hound skeleton (D:5)
  7 adders
  12 gnolls
  2 ufetubi
  5 worms
  4 dart slugs
  4 orcs (D:6)
  9 ball pythons
  6 bats
  An endoplasm (D:3)
  4 giant cockroaches
  6 goblins
  8 hobgoblins
  9 jackals
  8 kobolds
  3 quokkas
  2 frilled lizards (D:2)
  4 rats
114 creatures vanquished.

Notes
Turn   | Place    | Note
-------+----------+-------------------------------------------
     0 | D:1      | zero the Gargoyle Conjurer began the quest for the Orb.
     0 | D:1      | Reached XP level 1. HP: 10/10 MP: 3/3
   392 | D:1      | Reached XP level 2. HP: 15/15 MP: 1/5
   395 | D:1      | Learned a level 2 spell: Searing Ray
   895 | D:1      | Reached skill level 5 in Conjurations
   998 | D:2      | Found Jiqaq's Magic Scroll Emporium.
  1068 | D:2      | Bought a scroll of identify for 24 gold pieces
  1068 | D:2      | Bought a scroll of identify for 24 gold pieces
  1068 | D:2      | Bought a scroll of noise for 12 gold pieces
  1081 | D:2      | Reached XP level 3. HP: 19/19 MP: 4/6
  1998 | D:2      | Reached XP level 4. HP: 7/24 MP: 1/8
  2003 | D:2      | Learned a level 4 spell: Iskenderun's Mystic Blast
  2413 | D:2      | Found a faded altar of an unknown god.
  3186 | D:2      | Reached skill level 6 in Conjurations
  3299 | D:2      | Reached XP level 5. HP: 14/28 MP: 3/9
  3607 | D:2      | Found Soduthal's Antique Armour Emporium.
  3826 | D:2      | Bought a scroll of teleportation for 36 gold pieces
  4220 | D:3      | Identified a scroll of acquirement
  4220 | D:3      | Acquired 781 gold pieces
  4366 | D:3      | Found a white marble altar of Elyvilon.
  4904 | D:2      | Bought a pair of gloves for 99 gold pieces
  4947 | D:2      | Bought a scroll of enchant weapon for 90 gold pieces
  4947 | D:2      | Bought 2 scrolls of identify for 48 gold pieces
  4947 | D:2      | Bought a scroll of fear for 42 gold pieces
  5049 | D:4      | Noticed an ogre
  5056 | D:4      | Killed an ogre
  5057 | D:4      | Reached XP level 6. HP: 32/32 MP: 2/11
  5069 | D:4      | Reached skill level 7 in Conjurations
  5308 | D:4      | Found Ugyejaawi's Armour Shoppe.
  5317 | D:4      | Bought a +0 buckler of reflection for 93 gold pieces
  5317 | D:4      | Bought a +0 pair of boots for 49 gold pieces
  5363 | D:4      | Noticed Eustachio
  5373 | D:4      | Killed Eustachio
  5374 | D:4      | Reached skill level 1 in Fighting
  5374 | D:4      | Reached skill level 1 in Shields
  5374 | D:4      | Reached XP level 7. HP: 38/38 MP: 2/12
  5530 | D:4      | Noticed Grinder
  5564 | D:4      | Killed Grinder
  5851 | D:4      | Noticed Ijyb
  5860 | D:4      | Killed Ijyb
  5861 | D:4      | Reached skill level 8 in Conjurations
  6452 | D:5      | Entered Level 5 of the Dungeon
  6972 | D:5      | Reached XP level 8. HP: 46/46 MP: 12/14
  7258 | D:5      | Reached skill level 5 in Shields
  7740 | D:6      | Acquired a staff of conjuration
  8287 | D:6      | Found a basalt altar of Yredelemnul.
  8372 | D:6      | Noticed a boulder beetle
  8392 | D:6      | Noticed a spark wasp
  8392 | D:6      | a boulder beetle changed into a spark wasp
  8398 | D:6      | Slain by a spark wasp

Illustrated notes

Levels and vault maps discovered:
D:1:      dpeg_arrival_concentric_ovals, layout_loops_ring
D:2:      layout_basic, serial_shops, shop, shop,
          hellmonk_ecumenical_altar_leap_of_faith, minmay_circle_x
D:3:      layout_loops_cross, mainiacjoe_overflow_paths
D:4:      layout_loops_ring, serial_shops, shop, uniq_grinder, uniq_eustachio,
          uniq_ijyb
D:5:      layout_gridville
D:6:      layout_basic, amcnicky_altar_gilded, serial_shops, shop,
          minmay_manual_mess

Skill      XL: |  1  2  3  4  5  6  7  8 |
---------------+-------------------------+-----
Conjurations   | 5 6 7 8 |  8.0
Spellcasting   | 3 4 |  4.0
Fighting       | 1 3 |  3.1
Shields        | 1 4 6 |  6.0
Armour         | 4 |  4.0
Dodging        | |  1.5
Stealth        | |  2.3
Translocations | |  0.4

Action                   |  1- 3 |  4- 6 |  7- 9 || total
-------------------------+-------+-------+-------++-------
Melee: Dagger            |    56 |    24 |    41 ||   121
       Unarmed           |     1 |       |       ||     1
 Cast: Magic Dart        |    43 |    72 |    70 ||   185
       Searing Ray       |     9 |     8 |    25 ||    42
Evoke: Wand              |       |       |     4 ||     4
  Use: Scroll            |     4 |     5 |     6 ||    15
 Stab: Sleeping          |       |       |     1 ||     1
Armor: Robe              |    32 |    14 |    39 ||    85
Dodge: Dodged            |    57 |    21 |    50 ||   128
Block: Buckler           |       |       |    17 ||    17
       Reflection        |       |       |     2 ||     2

Table legend: (Time is in decaauts)
 A = Elapsed time spent in this place.
 B = Non-inter-level travel time spent in this place.
 C = Inter-level travel time spent in this place.
 D = Time resting spent in this place.
 E = Time spent auto-exploring this place.
 F = Levels seen in this place.
 G = Mean time per level.
                   A        B        C        D        E       F      G
               +--------+--------+--------+--------+--------+-----+--------+
         Total |   8402 |   7968 |    434 |   2618 |   4558 |   6 | 1400.3 |
       Dungeon |   8402 |   7968 |    434 |   2618 |   4558 |   6 | 1400.3 |
               +--------+--------+--------+--------+--------+-----+--------+

Top non-repeatable levels by time:
     D:2: 2162 daAuts
     D:1: 1902 daAuts
     D:4: 1419 daAuts
     D:5: 1017 daAuts
     D:3: 972 daAuts
     D:6: 927 daAuts
